 Dungeon Sprint DCSS version 0.30-a0-1160-g6e42c06551 (webtiles) character file.

Game seed: 9920514154431905

15284 howech the Imperceptible (level 11, -6/47 HPs)
             Began as a Spriggan Enchanter on Apr 25, 2023.
             Was a High Priest of Sif Muna.
             Mangled by a golden dragon (37 damage)
             ... in the Dungeon (Sprint I: "Red Sonja").
             The game lasted 00:19:10 (1374 turns).

howech the Imperceptible (Spriggan Enchanter)       Turns: 1374, Time: 00:19:11

Health: -6/47      AC:  5    Str:  7    XL:     11   Next: 99%
Magic:  30/31      EV: 21    Int: 21    God:    Sif Muna [*****.]
Gold:   1491       SH:  0    Dex: 16    Spells: 23/41 levels left

rFire   + + .        p - +1 dagger "Fedaenoluu" {pain, rF++ Str+3}
rCold   . . .        (no shield)
rNeg    + . .        q - +0 robe {rN+}
rPois   .            (helmet restricted)
rElec   .            k - +2 cloak {Stlth+}
rCorr   .            (gloves unavailable)
SInv    +            (boots unavailable)
Will    +....        (no amulet)
Stlth   ++++++++++   (no ring)
HPRegen 0.27/turn    (no ring)
MPRegen 0.22/turn

%: no teleportation
@: confusing by touch, hasted, very quick
A: very small, no large weapons, unfitting armour, see invisible, speed 3
a: Renounce Religion, Channel Magic, Forget Spell, Divine Exegesis


You were in the Dungeon.
You worshipped Sif Muna.
Sif Muna was extremely pleased with you.
You visited 1 branch You collected 2419 gold pieces.
You spent 917 gold pieces at shops.
You donated 11 gold pieces to Zin.

Inventory:

Hand Weapons
 a - a +1 dagger
 p - the +1 dagger "Fedaenoluu" (weapon) {pain, rF++ Str+3}
   (You bought it in a shop in the Dungeon)

   Str:       It affects your strength (+3).
   rF:        It greatly protects you from fire.
Armour
 b - a +0 robe
 k - a +2 cloak of stealth (worn)
 q - a +0 robe of positive energy (worn)
Wands
 j - a wand of flame (26)
Scrolls
 i - a scroll of blinking
 m - a scroll of identify
 n - a scroll of vulnerability
Potions
 c - a potion of might
 e - 2 potions of heal wounds
 f - a potion of haste
 g - a potion of magic
 h - a potion of berserk rage
 l - a potion of brilliance
Miscellaneous
 o - a phantom mirror


   Skills:
 - Level 10.0 Short Blades
 + Level 7.0 Dodging
 * Level 26.7 Stealth
 + Level 15.5 Spellcasting
 + Level 7.4 Conjurations
 - Level 10.0 Hexes
 * Level 6.3 Fire Magic
 - Level 10.0 Ice Magic
 + Level 4.5 Air Magic


You had 23 spell levels left.
You knew the following spells:

 Your Spells              Type           Power      Damage    Failure   Level
a - Ensorcelled Hibernat  Hex/Ice        100%       N/A       1%          2
b - Confusing Touch       Hex            55%        N/A       1%          3
c - Fireball              Conj/Fire      22%        3d10      6%          5
d - Conjure Ball Lightni  Conj/Air       20%        3x3d6     43%         6
e - Passwall              Tmut/Erth      13%        N/A       5%          2

Your spell library contained the following spells:

 Spells                   Type           Power      Damage    Failure   Level
 Freeze                   Ice            100%       1d10      1%          1
 Dazzling Flash           Conj/Hex       100%       N/A       1%          3
 Frozen Ramparts          Ice            100%       1d16      1%          3
 Hailstorm                Conj/Ice       52%        3d12      1%          3
 Portal Projectile        Hex/Tloc       74%        N/A       1%          3
 Tukima's Dance           Hex            55%        N/A       1%          3
 Cause Fear               Hex            27%        N/A       1%          4
 Metabolic Englaciation   Hex/Ice        27%        N/A       1%          5
 Stone Arrow              Conj/Erth      62%        3d10      2%          3
 Sandblast                Erth           32%        2d9       3%          1
 Vhi's Electric Charge    Tloc/Air       50%        N/A       4%          3
 Anguish                  Hex/Necr       18%        N/A       4%          4
 Ice Form                 Ice/Tmut       37%        N/A       4%          4
 Freezing Cloud           Conj/Ice/Air   23%        6-21      4%          5
 Iskenderun's Battlesphe  Conj           47%        2d10      4%          5
 Silence                  Hex/Air        23%        N/A       5%          5
 Olgreb's Toxic Radiance  Pois           16%        N/A       36%         4
 Passage of Golubria      Tloc           16%        N/A       36%         4
 Enfeeble                 Hex            27%        N/A       45%         7
 Alistair's Intoxication  Tmut/Pois      10%        N/A       71%         5
 Orb of Destruction       Conj           23%        9d8       83%         7
 Lehudib's Crystal Spear  Conj/Erth      15%        10d5      100%        8
 Polar Vortex             Ice            27%        N/A       100%        9


Dungeon Overview and Level Annotations

Branches:
Dungeon (1/1)

Altars:
Cheibriados
Dithmenos
Elyvilon
Fedhas
Gozag
Hepliaklqana
Kikubaaqudgha
Makhleb
Nemelex Xobeh
Okawaru
Qazlal
Ru
Sif Muna
Trog
Uskayaw
Vehumet
Wu Jian
Xom
Yredelemnul
Zin
The Shining One
Jiyva
Lugonu

Shops:
D (!?:(*!(?!*!?([:(*[[(

Annotations:
D exclusion: oklob plant


Innate Abilities, Weirdness & Mutations

You are very small and have problems with some larger weapons.
You are too small for most types of armour.
You have supernaturally acute eyesight. (SInv)
You cover ground extremely quickly. (Speed+++)


Message History

You hit the golden dragon but do no damage.
You punch the golden dragon, but do no damage.
The golden dragon completely misses you. x2
The golden dragon tramples you but does no damage.
You completely miss the golden dragon. You closely miss the golden dragon.
You hit the golden dragon but do no damage.
The golden dragon barely misses you. The golden dragon closely misses you.
The golden dragon tramples you!
You stumble backwards!
You hit the golden dragon but do no damage.
The golden dragon breathes fire at you. The bolt of fire misses you.
You feel much better.
The golden dragon breathes poison at you.
The blast of poison engulfs you!
You are poisoned.
Press: ? - help, v - describe, . - travel
Here: a golden dragon (catching its breath, chance to confuse on hit: 0%)
The floor.
Okay, then.
You are engulfed in poison gas.
You are more poisoned.
You feel very sick.
Unknown command.
You feel very sick.
You hit the golden dragon but do no damage.
You feel sick.
You hit the golden dragon but do no damage.
You feel very sick.
You hit the golden dragon but do no damage.
You feel sick. The golden dragon bites you!
* * * LOW HITPOINT WARNING * * *
The golden dragon claws you.
* * * LOW HITPOINT WARNING * * *
The golden dragon barely misses you.
Unknown command.
You feel much better.
You feel very sick.
You feel better. The golden dragon bites you!!!
Ouch! That really hurt!
You die...

*,###+#,,,*#.,#§§§§.#,,,*,,,,*
,,*,*,**,,,#..##.§§.#,∩,*,,,,*
,,***,,***,#..≈###+##,,,*,,,,*
,,,,**,*,*,#..≈.)#.####+#,,,,*
,,,,*,,***,#.m≈)##'#§§..##,,,*
*++**,**,,,#..≈##...§§.§.##,,*
,,***,,*+**#..≈#...§§§.§..#,,*
*,,***,,,*P≈..##§.§.§§§§..#*,*
*,,*,***,#M≈m.#.@D○☼§§§§...#,*
,,,,,,,*,###y,#§§°○☼§§.....#,*
,,,,,,,*,*,+y,##.○○○○§....##,*
,,,,****+*,**'*#$°○○$$$$$$#,,*
,,***,,,,*,*~~~##$$°$$$$$##,,*
***,,,****,*~~~~##!$?$$=##,,,*
,,,,***,,,,*~~~~~########,,,,*
*****,,,,****~~~~*~~~~~*,,,,,*
*,,^,,^^,*,,*'~~~'~~,~~',,,,,*


You could see a golden dragon.

Vanquished Creatures
  A shadow dragon (D)
  A deep elf annihilator (D)
  A hydra (D)
  2 centaur warriors (D)
  Sonja (D)
  A deep troll (D)
  A lindwurm (D)
  An oklob plant (D)
  8 shining eyes (D)
  4 demonic crawlers (D)
  2 unseen horrors (D)
  2 kobold demonologists (D)
  A hellwing (D)
  A hornet (D)
  Sigmund (D)
  A slime creature (D)
  A yak (D)
  13 hogs (D)
  2 redbacks (D)
  7 floating eyes (D)
  An ogre (D)
  7 necrophages (D)
  8 jellies (D)
  Ijyb (D)
69 creatures vanquished.

Notes
Turn   | Place    | Note
-------+----------+-------------------------------------------
     0 | D        | howech the Spriggan Enchanter began the quest for the Orb.
     0 | D        | Reached XP level 1. HP: 9/9 MP: 5/5
     3 | D        | Noticed Ijyb
     5 | D        | Killed Ijyb
     6 | D        | Reached skill level 6 in Stealth
     6 | D        | Reached XP level 2. HP: 13/13 MP: 5/7
     8 | D        | Noticed an ogre
    11 | D        | Killed an ogre
    12 | D        | Reached skill level 9 in Stealth
    12 | D        | Reached skill level 5 in Spellcasting
    12 | D        | Reached skill level 5 in Hexes
    12 | D        | Reached XP level 3. HP: 16/16 MP: 5/10
    12 | D        | Reached XP level 4. HP: 21/21 MP: 6/12
    13 | D        | Noticed Sigmund
    16 | D        | Killed Sigmund
    17 | D        | Reached skill level 12 in Stealth
    17 | D        | Reached XP level 5. HP: 24/24 MP: 6/15
    17 | D        | Reached XP level 6. HP: 28/28 MP: 6/16
    22 | D        | Found a shimmering blue altar of Sif Muna.
    23 | D        | Found an ornate altar of the Wu Jian Council.
    24 | D        | Found a radiant altar of Vehumet.
    31 | D        | Found Qiptino's Book Emporium.
    31 | D        | Found an ancient bone altar of Kikubaaqudgha.
    31 | D        | Found a hazy altar of Hepliaklqana.
    31 | D        | Found a stormy altar of Qazlal.
    31 | D        | Found a hide-covered altar of Uskayaw.
    31 | D        | Found a blossoming altar of Fedhas.
    31 | D        | Found a bloodstained altar of Trog.
    31 | D        | Found an iron altar of Okawaru.
    31 | D        | Found a basalt altar of Yredelemnul.
    31 | D        | Found a glowing golden altar of the Shining One.
    31 | D        | Found a snail-covered altar of Cheibriados.
    31 | D        | Found a sacrificial altar of Ru.
    31 | D        | Found a glowing silver altar of Zin.
    31 | D        | Found a shadowy altar of Dithmenos.
    31 | D        | Found a white marble altar of Elyvilon.
    31 | D        | Noticed a yak
    32 | D        | Found an opulent altar of Gozag.
    33 | D        | Killed a yak
    34 | D        | Reached skill level 13 in Stealth
    34 | D        | Found a sparkling altar of Nemelex Xobeh.
    40 | D        | Became a worshipper of Zin the Law-Giver
    40 | D        | Reached * piety under Zin
    50 | D        | Reached ** piety under Zin
    50 | D        | Reached *** piety under Zin
    50 | D        | Reached **** piety under Zin
    50 | D        | Reached ***** piety under Zin
    52 | D        | Reached ****** piety under Zin
    88 | D        | Noticed Sonja
    92 | D        | Learned a level 2 spell: Ensorcelled Hibernation
    95 | D        | Killed Sonja
    96 | D        | Reached skill level 15 in Stealth
    96 | D        | Reached XP level 7. HP: 32/32 MP: 14/20
   111 | D        | Found Juuhopta's Weapon Boutique.
   122 | D        | Noticed a shining eye
   122 | D        | Noticed a shining eye
   122 | D        | Noticed a shining eye
   122 | D        | Noticed a shining eye
   122 | D        | Noticed a shining eye
   122 | D        | Noticed a shining eye
   125 | D        | Paralysed by a floating eye for 3 turns
   126 | D        | Reached skill level 16 in Stealth
   126 | D        | Reached XP level 8. HP: 36/36 MP: 17/22
   132 | D        | Noticed a shining eye
   132 | D        | Noticed a shining eye
   144 | D        | Killed a shining eye
   145 | D        | Reached skill level 17 in Stealth
   145 | D        | Reached skill level 10 in Spellcasting
   145 | D        | Reached skill level 10 in Hexes
   161 | D        | Learned a level 3 spell: Confusing Touch
   184 | D        | Killed a shining eye
   185 | D        | Reached skill level 19 in Stealth
   185 | D        | Reached skill level 10 in Ice Magic
   185 | D        | Reached XP level 9. HP: 39/39 MP: 15/24
   197 | D        | Killed a shining eye
   198 | D        | Reached skill level 1 in Conjurations
   248 | D        | Killed a shining eye
   249 | D        | Reached skill level 20 in Stealth
   263 | D        | Killed a shining eye
   279 | D        | Killed a shining eye
   280 | D        | Reached skill level 5 in Short Blades
   280 | D        | Reached skill level 21 in Stealth
   288 | D        | Killed a shining eye
   289 | D        | Reached XP level 10. HP: 44/44 MP: 7/27
   310 | D        | Killed a shining eye
   311 | D        | Reached skill level 22 in Stealth
   322 | D        | Found Kejopp's Antique Weapon Shop.
   322 | D        | Found Dorphuud's Distillery.
   322 | D        | Found Dushi's General Store.
   322 | D        | Found Lothixox's Magic Scroll Emporium.
   343 | D        | Fell from the grace of Zin
   343 | D        | Became a worshipper of Sif Muna the Loreminder
   374 | D        | Bought a potion of degeneration for 10 gold pieces
   376 | D        | Bought a scroll of identify for 26 gold pieces
   376 | D        | Bought a scroll of identify for 26 gold pieces
   385 | D        | Bought a scroll of identify for 20 gold pieces
   385 | D        | Bought a scroll of identify for 20 gold pieces
   385 | D        | Bought a scroll of identify for 20 gold pieces
   385 | D        | Bought 2 potions of heal wounds for 100 gold pieces
   408 | D        | Noticed a deep troll
   412 | D        | Killed a deep troll
   422 | D        | Found Itaxic's Armour Emporium.
   426 | D        | Bought a +2 cloak of stealth for 215 gold pieces
   444 | D        | Noticed a centaur warrior
   444 | D        | Noticed a centaur warrior
   447 | D        | Killed a centaur warrior
   448 | D        | Reached skill level 23 in Stealth
   448 | D        | Killed a centaur warrior
   448 | D        | Reached * piety under Sif Muna
   449 | D        | Reached skill level 5 in Conjurations
   493 | D        | Noticed an oklob plant
   495 | D        | Killed an oklob plant
   504 | D        | Reached ** piety under Sif Muna
   505 | D        | Reached skill level 24 in Stealth
   534 | D        | Reached *** piety under Sif Muna
   535 | D        | Reached XP level 11. HP: 47/47 MP: 28/30
   543 | D        | Reached **** piety under Sif Muna
   598 | D        | Reached ***** piety under Sif Muna
   598 | D        | Received a gift from Sif Muna
   621 | D        | Learned a level 5 spell: Fireball
   645 | D        | Found Qem Kyc's Antique Weapon Shoppe.
   645 | D        | Found Diuvykh's Distillery.
   645 | D        | Found Hikuva Xuff's Magic Scroll Boutique.
   647 | D        | Found Wueck's Distillery.
   647 | D        | Found Leteux's General Store.
   647 | D        | Found Tiruublu's Distillery.
   647 | D        | Found Dilorr's Magic Scroll Boutique.
   647 | D        | Found Edoubbog's Antique Weapon Emporium.
   647 | D        | Found Oroscheruss's Armour Shop.
   647 | D        | Found Dadicyn's Book Shoppe.
   651 | D        | Found Ruept's Antique Weapon Boutique.
   652 | D        | Found Qanaus's Antique Armour Emporium.
   652 | D        | Found Xusidgh's Assorted Antiques.
   653 | D        | Found Ziowi's Antique Weapon Emporium.
   656 | D        | Bought an iridescent dagger for 154 gold pieces
   656 | D        | Identified the +1 dagger "Fedaenoluu" {pain, rF++ Str+3}
                  | (You bought it in a shop in the Dungeon)
   661 | D        | Bought a runed robe for 92 gold pieces
   717 | D        | Found a viscous altar of Jiyva.
   717 | D        | Found a corrupted altar of Lugonu.
   718 | D        | Found a burning altar of Makhleb.
   718 | D        | Found a shimmering altar of Xom.
   721 | D        | Reached skill level 1 in Fire Magic
   737 | D        | Received a gift from Sif Muna
   741 | D        | Reached skill level 25 in Stealth
   741 | D        | Reached skill level 1 in Air Magic
   748 | D        | Got Byib's Vademecum on Blight and Freezing {god gift}
   756 | D        | Learned a level 6 spell: Conjure Ball Lightning
   968 | D        | Noticed a lindwurm
   972 | D        | Killed a lindwurm
   984 | D        | Received a gift from Sif Muna
   995 | D        | Reached skill level 5 in Dodging
  1004 | D        | Reached skill level 10 in Short Blades
  1004 | D        | Got Sif Muna's Compilation of the Non-Euclidean Icicle {god
                  | gift}
  1009 | D        | Reached skill level 15 in Spellcasting
  1012 | D        | Received a gift from Sif Muna
  1018 | D        | Reached skill level 26 in Stealth
  1142 | D        | Bought a book of Geomancy for 234 gold pieces
  1145 | D        | Learned a level 2 spell: Passwall
  1261 | D        | Noticed a 12-headed hydra
  1263 | D        | Killed a 12-headed hydra
  1264 | D        | Reached skill level 5 in Fire Magic
  1330 | D        | Noticed a deep elf annihilator
  1330 | D        | Noticed an oklob plant
  1330 | D        | Noticed a mummy priest
  1330 | D        | Killed a deep elf annihilator
  1331 | D        | Received a gift from Sif Muna
  1348 | D        | Found the +8 demon blade "Leech" {evervamp, Harm Drain rN+}
  1348 | D        | Noticed a shadow dragon
  1348 | D        | Noticed a golden dragon
  1353 | D        | Killed a shadow dragon
  1372 | D        | HP: 2/47 [golden dragon (1)]
  1374 | D        | Mangled by a golden dragon

Illustrated notes

Levels and vault maps discovered:
D:        dungeon_sprint_1 [red_sonja_temple_1, red_sonja_temple_small_1]

Skill      XL: |  1  2  3  4  5  6  7  8  9 10 11 |
---------------+----------------------------------+-----
Stealth        | 6 9 12 15 16 19 21 24 26 | 26.7
Spellcasting   | 3 5 6 8 9 10 12 14 15 | 15.5
Hexes          | 4 5 7 9 10 | 10.0
Ice Magic      | 2 4 6 8 10 | 10.0
Short Blades   | 5 8 10 | 10.0
Conjurations   | 3 5 7 |  7.4
Fire Magic     | 6 |  6.3
Air Magic      | 4 |  4.5
Dodging        | 7 |  7.0

Action                     |  1- 3 |  4- 6 |  7- 9 | 10-12 || total
---------------------------+-------+-------+-------+-------++-------
  Melee: Dagger            |     2 |     4 |   122 |   101 ||   229
         Punch             |       |       |     4 |     1 ||     5
   Cast: Ensorcelled Hiber |       |     1 |     5 |    34 ||    40
         Confusing Touch   |       |       |     8 |     6 ||    14
         Passwall          |       |       |       |     4 ||     4
    Use: Potion            |     1 |       |       |     6 ||     7
         Scroll            |       |       |       |     5 ||     5
   Stab: Sleeping          |     2 |     4 |     5 |    47 ||    58
         Confused          |       |       |    11 |     6 ||    17
 Armour: Robe              |       |       |       |    13 ||    13
  Dodge: Dodged            |       |       |       |    59 ||    59

Table legend: (Time is in decaauts)
 A = Elapsed time spent in this place.
 B = Non-inter-level travel time spent in this place.
 C = Inter-level travel time spent in this place.
 D = Time resting spent in this place.
 E = Time spent auto-exploring this place.
 F = Levels seen in this place.
 G = Mean time per level.
                   A        B        C        D        E       F      G
               +--------+--------+--------+--------+--------+-----+--------+
         Total |   1049 |    954 |     95 |    220 |      0 |   1 | 1049.0 |
       Dungeon |   1049 |    954 |     95 |    220 |      0 |   1 | 1049.0 |
               +--------+--------+--------+--------+--------+-----+--------+

Top non-repeatable levels by time:
       D: 1049 daAuts
